 Dungeon Crawl Stone Soup version 0.26.1-11-gd32895ea62 (webtiles) character file.

Game seed: 13308726370505680631

178 Eitelfritz the Shield-Bearer (level 5, 0/43 (52) HPs)
             Began as a Troll Fighter on May 30, 2021.
             Slain by a worm (3 damage)
             ... on level 3 of the Dungeon.
             The game lasted 00:04:25 (2172 turns).

Eitelfritz the Shield-Bearer (Troll Fighter)        Turns: 2172, Time: 00:04:27

HP:   0/43 (52)     AC:  9    Str: 24    XL:     5   Next: 32%
MP:   4/4           EV:  9    Int:  5    God:
Gold: 104           SH:  9    Dex:  9    Spells: 4/4 levels left

rFire    . . .     SeeInvis .     - Unarmed
rCold    . . .     Faith    .   b - +0 kite shield
rNeg     . . .     Spirit   .   a - +0 robe
rPois    +         Reflect  .   (helmet restricted)
rElec    .         Harm     .   n - +2 cloak {rPois}
rCorr    .         Rampage  .   (gloves unavailable)
Will     .....                  (boots unavailable)
Stlth    +.........             (no amulet)
HPRegen  0.54/turn              (no ring)
MPRegen  0.09/turn              (no ring)

@: heavily drained
A: large, unfitting armour, claws 3, regeneration 1, shaggy fur 1, tough skin 3
a: no special abilities


You were on level 3 of the Dungeon.
You visited 1 branch of the dungeon, and saw 3 of its levels.

You collected 104 gold pieces.

Inventory:

Hand Weapons
 o - a +0 mace of draining
 r - a +0 flail
Missiles
 l - 22 poisoned darts (quivered)
 p - 7 javelins
Armour
 a - a +0 robe (worn)
 b - a +0 kite shield (worn)
 n - a +2 cloak of poison resistance (worn)
Wands
 m - a wand of random effects (24)
Scrolls
 e - 2 scrolls of identify {unknown}
 f - a scroll of enchant weapon {unknown}
 g - a scroll of remove curse {unknown}
 i - 2 scrolls of fear {unknown}
 j - a scroll of enchant armour {unknown}
 k - a scroll of blinking {unknown}
Potions
 c - a potion of might
 d - 3 potions of curing {unknown}
 h - a potion of lignification {unknown}
 q - a potion of resistance {unknown}


   Skills:
 + Level 2.8 Fighting
 + Level 3.1 Dodging
 + Level 0.1 Stealth
 + Level 3.5 Shields
 + Level 3.4 Unarmed Combat


You had 4 spell levels left.
You didn't know any spells.
Your spell library was empty.

Dungeon Overview and Level Annotations

Branches:
Dungeon (3/15)

Altars:
The Shining One


Innate Abilities, Weirdness & Mutations

You are too large for most types of armour.
You have claws for hands.
Your natural rate of healing is unusually fast.
You are covered in fur. (AC +1)
You have extremely tough skin. (AC +3)


Message History

* * * LOW HITPOINT WARNING * * *
The worm bites you but does no damage. The kobold barely misses you.
You scratch the kobold.
You kill the kobold!
Something hits you but does no damage. The worm bites you but does no damage.
You barely miss something. The goblin hits you but does no damage.
You hear some strange, mumbled words.
A puff of flame appears from out of thin air!
The puff of flame hits you.
* * * LOW HITPOINT WARNING * * *
You feel less confused. The worm bites you!
* * * LOW HITPOINT WARNING * * *
You barely miss the goblin. The goblin hits you with a +0 club.
* * * LOW HITPOINT WARNING * * *
You hear some strange, mumbled words.
A magic dart appears from out of thin air!
The magic dart hits you but does no damage.
The worm bites you.
You die...

# #.## #.#
..#####.. (..#
........# ...#
........##...# #+#
##..)...(#..
#...##...).......
#......#.)###....
#..###.wgo!.....#
#......#@{..<..(#
#.###.####.########
#..............
#####..###.####
##'###.# #....#.#
## #....#.# .#
#....#.# .## #....#


You could see a worm, an orc and a goblin.

Vanquished Creatures
  Crazy Yiuf (D:2)
  6 adders
  An ooze (D:1)
  2 worms (D:2)
  4 dart slugs
  A leopard gecko (D:1)
  8 orcs (D:3)
  11 goblins
  3 hobgoblins
  12 jackals
  A quokka (D:3)
  7 bats
  5 frilled lizards
  5 kobolds
  2 rats
69 creatures vanquished.

Notes
Turn   | Place    | Note
-------+----------+-------------------------------------------
     0 | D:1      | Eitelfritz the Troll Fighter began the quest for the Orb.
     0 | D:1      | Reached XP level 1. HP: 22/22 MP: 0/0
   128 | D:1      | Reached XP level 2. HP: 29/29 MP: 1/1
   553 | D:1      | Reached XP level 3. HP: 33/36 MP: 2/2
  1136 | D:2      | Reached XP level 4. HP: 36/44 MP: 3/3
  1312 | D:2      | Found a glowing golden altar of the Shining One.
  1423 | D:2      | Found a runed translucent door.
  1424 | D:2      | Noticed Crazy Yiuf
  1889 | D:2      | Killed Crazy Yiuf
  1890 | D:2      | Reached XP level 5. HP: 50/50 MP: 4/4
  2172 | D:3      | Slain by a worm

Illustrated notes

Levels and vault maps discovered:
D:1:      scummos_arrival_simple_crosswalls, layout_loops_corners,
          grunt_decor_one_mirror, wander_ebering_terrifying_dragon_lair
D:2:      layout_basic, minmay_fountain_box, nicolae_tso_swordbearing_angel,
          uniq_crazy_yiuf_cottage
D:3:      layout_basic, serial_glass, glass_columns_a, glass_columns_b,
          glass_columns_a, glass_columns_a, glass_columns_b, glass_columns_a,
          minmay_misc_feat_secret_circle, supply_closet_lemuel

Skill      XL: |  1  2  3  4 |
---------------+-------------+-----
Dodging        | 3 |  3.1
Shields        | 3 |  3.5
Unarmed Combat | 3 |  3.4
Fighting       | |  2.8
Stealth        | |  0.1

Action                   |  1- 3 |  4- 6 || total
-------------------------+-------+-------++-------
Melee: Unarmed           |    93 |   124 ||   217
Throw: Dart              |       |     1 ||     1
 Stab: Sleeping          |     1 |     1 ||     2
Armor: Robe              |    36 |    83 ||   119
Dodge: Dodged            |    26 |    59 ||    85
Block: Kite shield       |    49 |    80 ||   129
